AoeStats
← TW-TP-Xizhi-District

Hideout

508781270Analyzed
1v1 RM · 10d ago on Sep 24, 2026· 25m 50s· 2 players
Game mode
Random Map
Map size
Tiny (2 player)
Population
200
Speed
Normal
Resources
Standard
Victory
Conquest
Starting age
Dark Age
Ending age
Imperial Age
RankedLock teamsTeams togetherTeam positionsShared explorationLock speedFull tech treeHidden civsTurbo modeCheats
Victory
Defeat
🇪🇨 Franks · Ecuador
547
+2
🇹🇼 Shu · Taiwan
118
-2
TW-TP-Xizhi-District
1:33 Loom
10:49 Feudal Age
11:44 Double-Bit Axe
13:04 Wheelbarrow
12:37 Horse Collar
12:48 Town Watch
14:25 Gold Mining
21:49 Castle Age
23:47 Hand Cart
23:11 Pikeman
24:07 Forging
23:59 Scale Mail Armor
24:51 Gold Shaft Mining
25:56 Squires
EdyLac
8:35 Loom
11:15 Feudal Age
12:38 Wheelbarrow
11:49 Town Watch
18:00 Scale Barding Armor
18:11 Forging
21:15 Gold Mining
23:35 Castle Age
23:29 Double-Bit Axe
23:40 Stone Mining
24:01 Scale Mail Armor
23:39 Pikeman
24:19 Squires
24:05 Gambesons
24:06 Arson
24:04 Elite Skirmisher
Connection lost

Rejoining the realm…

Still unreachable

The connection could not be restored.

Session expired

The server has moved on; the page needs a fresh start.